 Dungeon Crawl Stone Soup version 0.13-a0-1614-gd69a504 (webtiles) character file.

949 Koal the Cruncher (level 7, 0/51 HPs)
             Began as a Demonspawn Gladiator on June 15, 2013.
             Slain by an iguana (10 damage)
             ... on Level 4 of the Dungeon.
             The game lasted 00:24:28 (5476 turns).

Koal the Cruncher (Demonspawn Gladiator)            Turns: 5476, Time: 00:24:29

HP   0/51        AC  5     Str 16      XL: 7   Next: 53%
MP   6/6         EV 13     Int  9      God:
Gold 176         SH  0     Dex 15      Spells:  0 memorised,  6 levels left

Res.Fire  : + . .   See Invis. : +   a - +0 quarterstaff
Res.Cold  : . . .   Warding    : .   b - +1 leather armour
Life Prot.: . . .   Conserve   : .   (no shield)
Res.Poison: .       Res.Corr.  : .   (helmet unavailable)
Res.Elec. : .       Clarity    : .   (no cloak)
Sust.Abil.: . .     Spirit.Shd : .   (no gloves)
Res.Mut.  : .       Stasis     : .   l - +0 pair of elf boots
Res.Rott. : .       Flight     : .   i - amulet of rage
Saprovore : . . .                    x - +1 ring of evasion
                                     q - ring of protection from fire

@: slightly resistant to hostile enchantments, unstealthy
A: antennae 3, demonic guardian 1
a: Evoke Berserk Rage


You were on level 4 of the Dungeon.
You were not hungry.

You visited 1 branch of the dungeon, and saw 5 of its levels.

You collected 156 gold pieces.

Inventory:

Hand weapons
 a - a +0,+0 quarterstaff (weapon)
 e - a +0 blowgun
Missiles
 d - a throwing net {=f}
 u - 65 sling bullets
 v - 2 throwing nets [frayed] {=f}
 w - 15 poisoned needles
 E - 15 sling bullets of flame
 F - 6 curare-tipped needles
 I - 5 darts (quivered)
 Z - 34 stones
Armour
 b - a +1 leather armour (worn)
 l - a +0 pair of elven boots (worn)
Comestibles
 f - 2 bread rations
 p - an apricot
 A - a rotting chunk of giant cockroach flesh
 C - a beef jerky
 D - a meat ration
 G - a rotting chunk of iguana flesh
Scrolls
 c - 4 scrolls of remove curse
 h - 2 scrolls of identify
 m - 2 scrolls of enchant armour
 y - a scroll of recharging {unknown}
 z - a scroll of magic mapping
 K - a scroll of random uselessness
Jewellery
 i - an amulet of rage (around neck)
 j - an uncursed amulet of resist mutation {unknown}
 q - a ring of protection from fire (left hand)
 x - a +1 ring of evasion (right hand)
 H - an uncursed ring of life protection {unknown}
Potions
 g - a potion of cure mutation
 k - 7 potions of curing
 n - 2 potions of heal wounds
 o - 2 potions of resistance
 s - 2 potions of restore abilities
 B - a potion of flight {unknown}
 J - a potion of berserk rage {unknown}
Books
 r - a book of Maledictions

   Spells                             Type                      Level
   Corona                             Hexes                        1
   Sure Blade                         Hexes/Charms                 2
   Ensorcelled Hibernation            Hexes/Ice                    2
   Confuse                            Hexes                        3
   Enslavement                        Hexes                        4
   Invisibility                       Hexes                        6
Magical staves
 t - an uncursed staff of cold


   Skills:
 - Level 2.0 Fighting
 + Level 8.1 Staves
 - Level 1.7 Throwing
 - Level 2.6 Dodging


You had 6 spell levels left.
You didn't know any spells.

Dungeon Overview and Level Annotations

Branches:
Dungeon (5/27)
 Temple: D:4-7

Altars:
Elyvilon
Vehumet
Xom
Zin

Annotations
D:5 exclusion: door, Dowan, Duvessa


Innate Abilities, Weirdness & Mutations

You have a pair of large antennae on your head (SInv).
A weak demonic guardian rushes to your aid.


Message History

The iguana bites you!
The gnoll closely misses your white imp.
The iguana closely misses you.
Your white imp hits the gnoll but does no damage.
You climb upwards.
There is a stone staircase leading down here.
You hit the iguana.
The iguana is severely wounded.
The iguana barely misses you.
You hit the iguana.
The iguana is severely wounded.
The iguana bites you.
You hit the iguana.
The iguana is severely wounded.
The iguana bites you!
* * * LOW HITPOINT WARNING * * *
You barely miss the iguana.
The iguana is severely wounded.
The iguana bites you!
You die...

.≈## #.#...#.# ##+##
#.## ≈≈# #.##.##.# #.#
#.## ≈## #.......#
###.# #... ##
####.#######...## #.##
#............## #.#
#....#####....#######.#
#.).##...##...........#
#...#.....#..#.########
##.....@l.#..#.#
#..#.[...#..#.#
#..##...##.##.#
##..#####..##.#
#.........##.#
#............#
#########)#### ####.#
#########.##.#


You could see an iguana.

Vanquished Creatures
  Grinder (D:4)
  A sky beast (D:5)
  A centaur skeleton (D:4)
  3 hounds
  An orc priest (D:5)
  3 orc wizards
  A scorpion (D:4)
  A worker ant (D:4)
  An iguana (D:5)
  Terence (D:1)
  A gnoll (D:5)
  A giant mite (D:1)
  2 adders (D:3)
  2 worms
  3 oozes
  14 orcs
  3 giant cockroaches
  18 goblins
  13 hobgoblins
  4 jackals
  2 quokkas (D:3)
  A ball python (D:1)
  11 bats
  5 giant newts
  A goblin zombie (D:4)
  7 kobolds
  A kobold skeleton (D:4)
  12 rats
115 creatures vanquished.

Vanquished Creatures (collateral kills)
  An orc wizard (D:4)
  An iguana (D:4)
2 creatures vanquished.

Vanquished Creatures (others)
  A hound (D:4)
  A scorpion (D:4)
  2 iguanas (D:4)
  2 lemures
  A white imp (D:4)
  A worm (D:4)
  A giant gecko (D:4)
  An orc (D:4)
  A hobgoblin (D:4)
  A kobold (D:4)
  2 goblins
  A rat (D:1)
15 creatures vanquished.

Grand Total: 132 creatures vanquished

Notes
Turn   | Place    | Note
--------------------------------------------------------------
     0 | D:1      | Koal, the Demonspawn Gladiator, began the quest for the Orb.
     0 | D:1      | Reached XP level 1. HP: 17/17 MP: 0/0
    54 | D:1      | Reached skill level 3 in Staves
   184 | D:1      | Gained mutation: A weak demonic guardian rushes to your aid. [demonic ancestry]
   184 | D:1      | Reached XP level 2. HP: 20/23 MP: 1/1
   544 | D:1      | Gained mutation: You have a pair of small antennae on your head. [demonic ancestry]
   544 | D:1      | Reached XP level 3. HP: 25/28 MP: 2/2
  1089 | D:2      | Reached skill level 4 in Staves
  1092 | D:2      | Noticed Terence
  1117 | D:1      | Killed Terence
  2224 | D:3      | Reached XP level 4. HP: 35/35 MP: 3/3
  2539 | D:3      | Found a radiant altar of Vehumet.
  2777 | D:3      | Reached skill level 5 in Staves
  3083 | D:4      | Found a shimmering altar of Xom.
  3146 | D:4      | Noticed Grinder
  3179 | D:4      | Killed Grinder
  3179 | D:4      | Reached skill level 6 in Staves
  3179 | D:4      | Gained mutation: You have a pair of antennae on your head. [demonic ancestry]
  3179 | D:4      | Reached XP level 5. HP: 30/40 MP: 4/4
  3179 | D:4      | Reached XP level 6. HP: 34/46 MP: 5/5
  3423 | D:4      | Found a white marble altar of Elyvilon.
  3611 | D:4      | Reached skill level 7 in Staves
  3669 | D:4      | Gained mutation: You have a pair of large antennae on your head (SInv). [demonic ancestry]
  3669 | D:4      | Reached XP level 7. HP: 48/51 MP: 6/6
  3830 | D:5      | Entered Level 5 of the Dungeon
  5365 | D:5      | Reached skill level 8 in Staves
  5405 | D:5      | Found a glowing silver altar of Zin.
  5405 | D:5      | Noticed Duvessa
  5405 | D:5      | Noticed Dowan
  5476 | D:4      | Slain by an iguana

Action                   |  1- 3 |  4- 6 |  7- 9 || total
-------------------------+-------+-------+-------++-------
Melee: Quarterstaff      |   152 |   134 |   102 ||   388
Throw: Dart              |    20 |    37 |    13 ||    70
       Throwing net      |       |     3 |       ||     3
       Stone             |       |       |     4 ||     4
  Use: Scroll            |     4 |    10 |     2 ||    16
       Potion            |       |       |     1 ||     1
 Stab: Held in net/web   |       |     2 |       ||     2
       Distracted        |       |       |     1 ||     1
